 Dungeon Crawl Stone Soup version 0.28.0-53-g5a82cb258f (webtiles) character file.

Game seed: 3904692946562149702

2 Stomo the Insei (level 1, -2/9 HPs)
             Began as a Vine Stalker Transmuter on June 23, 2022.
             Slain by a jackal (3 damage)
             ... on level 1 of the Dungeon.
             The game lasted 00:00:12 (56 turns).

Stomo the Insei (Vine Stalker Transmuter)             Turns: 56, Time: 00:00:13

Health: -2/9       AC:  2    Str: 12    XL:     1   Next: 40%
Magic:  0/4        EV: 12    Int: 13    God:
Gold:   0          SH:  0    Dex: 14    Spells: 3/4 levels left

rFire   . . .      SeeInvis .     - Unarmed
rCold   . . .      Faith    .   (no shield)
rNeg    . . .      Spirit   +   a - +0 robe
rPois   .          Reflect  .   (helmet currently unavailable)
rElec   .          Harm     .   (no cloak)
rCorr   .          Rampage  .   (no gloves)
Will    .....                   (boots currently unavailable)
Stlth   +.........              (no amulet)
HPRegen 0.03/turn               (no ring)
MPRegen 0.09/turn               (no ring)

@: appendages
A: horns 2, talons 2, fangs 2, magic shield, antimagic bite, no potion heal 2
a: End Transformation


You were on level 1 of the Dungeon.
You had temporarily grown beastly horns and talons.
You visited 1 branch of the dungeon, and saw 1 of its levels.

Inventory:

Armour
 a - a +0 robe (worn)


   Skills:
 + Level 0.8 Fighting
 + Level 1.7 Dodging
 + Level 3.0 Unarmed Combat
 - Level 2.1 Spellcasting
 - Level 2.0 Transmutations


You had 3 spell levels left.
You knew the following spells:

 Your Spells              Type           Power      Damage    Failure   Level
a - Beastly Appendage     Tmut           12%        N/A       11%         1

Your spell library contained the following spells:

 Spells                   Type           Power      Damage    Failure   Level
 Wereblood                Tmut           6%         N/A       17%         2
 Spider Form              Tmut/Pois      4%         N/A       45%         3
 Ice Form                 Ice/Tmut       4%         N/A       86%         4


Dungeon Overview and Level Annotations

Branches:
Dungeon (1/15)

Altars:


Innate Abilities, Weirdness & Mutations

You have temporarily grown beastly horns and talons.
You have extremely sharp teeth.
When hurt, damage is shared between your health and your magic reserves.
Your bite disrupts and absorbs the magic of your enemies.
Potions cannot restore your health.


Message History

There is a stone staircase leading down here.
Found an escape hatch in the floor.
A kobold comes into view. It is wielding a +0 short sword.
Found a hand axe.
A kobold is nearby!
Casting: Beastly Appendage (safe; 11% risk of failure)
Confirm with . or Enter, or press ? or * to list all spells.
You grow a pair of large bovine horns.
Your feet morph into talons.
The kobold throws a stone.
The stone hits you. 3 jackals come into view.
The jackal barks! x2; You hear a bark!
A jackal comes into view.
There is an escape hatch in the floor here.
You completely miss the jackal.
The jackal barks!
Your kick misses the jackal. Your bite misses the jackal.
Your transformation is almost over.
The jackal bites you.
You barely miss the jackal. Your kick misses the jackal.
You bite the jackal, but do no damage. The jackal bites you.
The jackal barely misses you. The jackal bites you. x2
You are too injured to fight recklessly!
You are too injured to fight recklessly!
You are too injured to fight recklessly!
The jackal bites you. The jackal misses you.
Casting: Beastly Appendage (safe; 11% risk of failure)
Confirm with . or Enter, or press ? or * to list all spells.
You extend your transformation's duration.
The jackal closely misses you.
You hit the jackal. Your kick misses the jackal. Your bite misses the jackal.
The jackal is heavily wounded.
The jackal closely misses you.
You closely miss the jackal. You headbutt the jackal.
You kill the jackal!
The jackal bites you.
* * * LOW HITPOINT WARNING * * *
You closely miss the jackal. Your headbutt misses the jackal.
The jackal bites you.
You die...

### ## #.# .. #.# .
..# #.# #.#.# #.#
#.#.### #.# #...h.#
##.#####@# ... ..#h#
# #.# #.#K#.#
..#####.###.#h#.#.#
.......>..........#
#.#####.###.#.#+#.#
#.....# #..>....#
#.#(###.###.......#
#.........#........#


You could see 3 jackals and a kobold.

Vanquished Creatures
  An endoplasm (D:1)
  A jackal (D:1)
2 creatures vanquished.

Notes
Turn   | Place    | Note
-------+----------+-------------------------------------------
     0 | D:1      | Stomo the Vine Stalker Transmuter began the quest for the
                  | Orb.
     0 | D:1      | Reached XP level 1. HP: 9/9 MP: 4/4
    56 | D:1      | Slain by a jackal

Illustrated notes

Levels and vault maps discovered:
D:1:      scummos_arrival_simple_fountains, layout_basic,
          hellmonk_ecumenical_altar_leap_of_faith, serial_shops,
          nicolae_shop_stone

Action                   || total
-------------------------++-------
Melee: Unarmed           ||     7
       Headbutt          ||     1
       Bite              ||     1
 Cast: Beastly Appendage ||     2
Dodge: Dodged            ||     5
